 Dungeon Crawl Stone Soup version 0.26-b1-59-ge38874ec40 (webtiles) character file.

Game seed: 5455920010311561677

99 raceaflais the Shield-Bearer (level 5, -2/42 HPs)
             Began as a Formicid Fighter on Jan 8, 2021.
             Killed by nerve-wracking pain
             ... invoked by an orc priest
              (5 damage)
             ... on level 3 of the Dungeon.
             The game lasted 00:05:22 (2297 turns).

raceaflais the Shield-Bearer (Formicid Fighter)     Turns: 2297, Time: 00:05:23

Health: -2/42      AC:  7    Str: 21    XL:     5   Next: 2%
Magic:  5/5        EV:  8    Int:  8    God:
Gold:   91         SH:  9    Dex: 10    Spells: 4/4 levels left

rFire    . . .     SeeInvis +   a - +0 war axe
rCold    . . .     Faith    .   c - +0 kite shield
rNeg     . . .     Spirit   .   b - +0 scale mail
rPois    .         Reflect  .   (helmet unavailable)
rElec    .         Harm     .   (no cloak)
rCorr    .         Rampage  .   (no gloves)
Will     .....                  (no boots)
Stlth    ..........             (no amulet)
HPRegen  0.14/turn              (no ring)
MPRegen  0.09/turn              (no ring)

@: flying
A: permanent stasis, dig shafts and tunnels, four strong arms, antennae 3
a: Dig, Shaft Self


You were on level 3 of the Dungeon.
You visited 1 branch of the dungeon, and saw 3 of its levels.

You collected 91 gold pieces.

Inventory:

Hand Weapons
 a - a +0 war axe (weapon)
Armour
 b - a +0 scale mail (worn)
 c - a +0 kite shield (worn)
 n - a +2 buckler
Scrolls
 f - a scroll of blinking {unknown}
 g - 4 scrolls of enchant armour {unknown}
 h - a scroll of identify
 i - 3 scrolls of teleportation {unknown}
 s - a scroll of amnesia {unknown}
 t - a scroll of remove curse {unknown}
Potions
 d - a potion of might
 e - 2 potions of flight
 j - 2 potions of haste
 k - a potion of magic {unknown}
 l - 2 potions of heal wounds {unknown}
 o - 2 potions of invisibility {unknown}
 p - a potion of lignification {unknown}
 q - a potion of brilliance {unknown}
 u - a potion of curing {unknown}


   Skills:
 + Level 4.1 Fighting
 + Level 3.2 Axes
 + Level 3.8 Armour
 + Level 0.2 Dodging
 + Level 0.2 Stealth
 + Level 4.2 Shields


You had 4 spell levels left.
You didn't know any spells.
Your spell library contained the following spells:

 Spells                   Type           Power        Failure   Level
 Confusing Touch          Hex            0%           100%        3
 Gell's Gravitas          Tloc           0%           100%        3
 Petrify                  Tmut/Erth      0%           100%        4
 Metabolic Englaciation   Hex/Ice        0%           100%        5
 Yara's Violent Unravell  Hex/Tmut       0%           100%        5


Dungeon Overview and Level Annotations

Branches:
Dungeon (3/15)

Altars:
Vehumet


Innate Abilities, Weirdness & Mutations

You cannot be hasted, slowed, berserked, paralysed or teleported.
You can dig through walls and to a lower floor.
Your four strong arms can wield two-handed weapons with a shield.
You have a pair of large antennae on your head. (SInv)


Message History

The orc priest completely misses you.
You closely miss the orc priest.
The orc priest is lightly wounded.
You hit the orc priest. You block the orc priest's attack.
The orc priest calls down the wrath of Beogh upon you.
Pain shoots through your body!
The orc priest mumbles some strange prayers to Beogh against you.
Pain shoots through your body!
* * * LOW HITPOINT WARNING * * *
It was a potion of flight.
You feel very buoyant.
You fly up into the air.
The orc priest hits you.
* * * LOW HITPOINT WARNING * * *
The orc priest hits you with a +0 flail.
* * * LOW HITPOINT WARNING * * *
It was a potion of haste.
Your stasis prevents you from being hasted.
The orc priest calls down the wrath of Beogh upon you.
Pain shoots through your body!
You die...

#.##(####.#.###.##..#
#..#.# #.#.# #.##..#
#.(#.# #.#.# #.##..#{
#..(.# #.#.# #.....#{
#.#.(####.#.# ## ##.#
.#.#.>.)...#.# #..{
#..........)#.######
##
###.#######.#o......
#. #$@o...... #.
########## { {


You could see 2 orc priests.

Vanquished Creatures
  3 adders (D:3)
  An ooze (D:2)
  2 worms (D:2)
  2 dart slugs (D:1)
  3 orcs (D:3)
  8 bats
  2 giant cockroaches (D:2)
  6 goblins
  7 hobgoblins
  3 jackals (D:2)
  3 quokkas
  A frilled lizard (D:1)
  7 kobolds
  5 rats
53 creatures vanquished.

Notes
Turn   | Place    | Note
-------+----------+-------------------------------------------
     0 | D:1      | raceaflais the Formicid Fighter began the quest for the
                  | Orb.
     0 | D:1      | Reached XP level 1. HP: 18/18 MP: 1/1
    71 | D:1      | Reached XP level 2. HP: 22/24 MP: 2/2
   116 | D:1      | You fall into a shaft and drop 1 floor!
   247 | D:2      | Found a radiant altar of Vehumet.
   563 | D:2      | Reached XP level 3. HP: 30/30 MP: 3/3
  1514 | D:1      | Reached XP level 4. HP: 34/37 MP: 4/4
  2279 | D:3      | Reached XP level 5. HP: 38/42 MP: 5/5
  2297 | D:3      | Killed from afar by an orc priest

Illustrated notes

Levels and vault maps discovered:
D:1:      minmay_arrival_hallway, layout_loops_ring
D:2:      layout_basic, vehumet_crystals
D:3:      layout_basic, elyvilon_altar_1, uniq_sigmund

Skill      XL: |  1  2  3  4 |
---------------+-------------+-----
Shields        | 4 |  4.2
Axes           | 3 |  3.2
Fighting       | 4 |  4.1
Armour         | |  3.8
Dodging        | |  0.2
Stealth        | |  0.2

Action                   |  1- 3 |  4- 6 || total
-------------------------+-------+-------++-------
Melee: War axe           |   101 |    54 ||   155
 Abil: Dig               |       |     1 ||     1
  Use: Scroll            |     1 |     2 ||     3
       Potion            |       |     2 ||     2
Armor: Scale mail        |    39 |    18 ||    57
Dodge: Dodged            |    38 |     8 ||    46
Block: Kite shield       |    60 |    31 ||    91
